 Dungeon Crawl Stone Soup version 0.30.1-6-gbe392663c4 (webtiles) character file.

Game seed: 17528347122059244709

28 Kurtz the Chopper (level 3, -1/23 HPs)
             Began as a Tengu Fighter on Sept 21, 2023.
             Killed from afar by Robin (8 damage)
             ... with a puff of flame
             ... on level 2 of the Dungeon.
             The game lasted 00:00:26 (670 turns).

Kurtz the Chopper (Tengu Fighter)                    Turns: 670, Time: 00:00:26

Health: -1/23      AC:  6    Str: 18    XL:     3   Next: 14%
Magic:  4/4        EV:  9    Int:  8    God:
Gold:   114        SH:  4    Dex: 13    Spells: 2/2 levels left

rFire   . . .        a - +0 war axe
rCold   . . .        c - +0 buckler
rNeg    . . .        b - +0 scale mail
rPois   .            (helmet restricted)
rElec   .            (no cloak)
rCorr   .            (no gloves)
SInv    .            (boots unavailable)
Will    .....        (no amulet) Stlth
                     (no ring)
HPRegen 0.23/turn    (no ring)
MPRegen 0.09/turn

%: no passive effects
@: no status effects
A: beak, talons 3
a: no special abilities


You were on level 2 of the Dungeon.
You visited 1 branch of the dungeon, and saw 2 of its levels.

You collected 114 gold pieces.

Inventory:

Hand Weapons
 a - a +0 war axe (weapon)
Armour
 b - a +0 scale mail (worn)
 c - a +0 buckler (worn)
Scrolls
 f - a scroll of identify {unknown}
 k - a scroll of immolation {unknown}
 l - a scroll of poison {unknown}
Potions
 d - a potion of might
 e - 3 potions of flight {unknown}
 g - a potion of resistance {unknown}
 h - a potion of attraction {unknown}
 i - a potion of mutation {unknown}
 j - a potion of cancellation {unknown}


   Skills:
 - Level 3.0 Fighting
 * Level 3.9 Axes
 - Level 3.2 Armour
 - Level 3.0 Shields


You had 2 spell levels left.
You didn't know any spells.
Your spell library contained the following spells:

 Spells                   Type           Power      Damage    Failure   Level
 Beastly Appendage        Tmut           0%         N/A       86%         1
 Lesser Beckoning         Tloc           0%         N/A       95%         2
 Sublimation of Blood     Necr           0%         N/A       95%         2
 Wereblood                Tmut           0%         N/A       95%         2
 Gell's Gravitas          Tloc           0%         N/A       99%         3
 Spider Form              Tmut/Pois      0%         N/A       99%         3
 Teleport Other           Tloc           0%         N/A       99%         3
 Summon Hydra             Summ           0%         N/A       100%        7


Dungeon Overview and Level Annotations

Branches:
Dungeon (2/15)

Altars:
Qazlal

Shops:
D:1 (:

Annotations:
D:2 Robin


Innate Abilities, Weirdness & Mutations

You have a beak for a mouth.
You have claws for feet.


Message History

The hobgoblin hits you but does no damage.
The goblin hits you but does no damage.
You hit the quokka. You peck the quokka.
The quokka is severely wounded.
You completely miss the hobgoblin. You hit the hobgoblin. You hit the goblin.
The quokka barely misses you.
Robin says, "A pitiful Tengu like you will never find the ORB!"
Robin throws the goblin at you! The hobgoblin barely misses you.
The goblin hits you but does no damage. The quokka bites you.
You block the hobgoblin's attack. The hobgoblin closely misses you.
The hobgoblin misses you.
Robin points. "Kill!"
The goblin hits you but does no damage. The goblin closely misses you.
You hit the hobgoblin.
You kill the hobgoblin!
You barely miss the quokka. You slash the goblin!
You kill the goblin!
You completely miss the hobgoblin. You closely miss the goblin.
You closely miss the hobgoblin. x2
The quokka bites you but does no damage.
Robin laughs in a distinctly smug fashion.
The hobgoblin hits you.
The hobgoblin hits you but does no damage.
The goblin hits you with a +0 club. The hobgoblin hits you.
The quokka closely misses you.
You are too injured to fight recklessly!
Unknown command.
You are too injured to fight recklessly!
Unknown command.
You are too injured to fight recklessly!
Unknown command.
You hit the hobgoblin. You claw the hobgoblin.
You kill the hobgoblin!
You slash the goblin!
You kill the goblin!
You hit Robin.
You hit the hobgoblin but do no damage. x2; You hit the quokka.
You block the quokka's attack.
The hobgoblin hits you but does no damage.
Robin zaps a wand.
The puff of flame hits you!
You die...

......................
.#####................
#................
##...............
#####...............
##$.................#
##....................
###...g))....#####.#....
......g@.....# ...##
###...r)g?...# ##
#............
#...........##
##..........#
#........### ..........
#..........#


You could see Robin, a quokka and 2 hobgoblins.

Vanquished Creatures
  An endoplasm (D:1)
  13 goblins
  3 hobgoblins
  4 jackals (D:1)
  2 bats
  3 frilled lizards (D:1)
  A kobold (D:1)
27 creatures vanquished.

Notes
Turn   | Place    | Note
-------+----------+-------------------------------------------
     0 | D:1      | Kurtz the Tengu Fighter began the quest for the Orb.
     0 | D:1      | Reached XP level 1. HP: 14/14 MP: 2/2
    60 | D:1      | Found Jukyanin's Antique Weapon Boutique.
    87 | D:1      | Found Keast's Book Emporium.
   153 | D:1      | Reached XP level 2. HP: 19/19 MP: 3/3
   364 | D:1      | Found a faded altar of an unknown god.
   593 | D:2      | Found a stormy altar of Qazlal.
   662 | D:2      | Noticed Robin
   666 | D:2      | Reached XP level 3. HP: 23/23 MP: 4/4
   670 | D:2      | Killed from afar by Robin

Illustrated notes

Levels and vault maps discovered:
D:1:      minmay_arrival_checkered_box, layout_loops_ring,
          hellmonk_ecumenical_altar_inner_sanctum, serial_shops, shop, shop
D:2:      layout_rooms, basic_altar, uniq_robin

Skill      XL: |  1 |
---------------+----+-----
Axes           | 3 |  3.9
Fighting       | |  3.0
Armour         | |  3.2
Shields        | |  3.0

Action                     || total
---------------------------++-------
  Melee: War axe           ||    33
         Peck              ||     3
         Kick              ||     6
 Armour: Scale mail        ||    22
  Dodge: Dodged            ||    19
  Block: Buckler           ||    13
